 Dungeon Crawl Stone Soup version 0.31-a0-1612-g4aaf141 (webtiles) character file.

Game seed: 10747167440857607653

60 PidgeyThePirate the Trooper (level 3, -7/43 HPs)
             Began as a Demonspawn Chaos Knight on Jan 8, 2024.
             Was a Plaything of Xom.
             Killed from afar by Sigmund (9 damage)
             ... with a magic dart
             ... on level 2 of the Dungeon.
             The game lasted 00:02:27 (977 turns).

PidgeyThePirate the Trooper (DsCK)                   Turns: 977, Time: 00:02:28

Health: -7/43      AC:  7    Str: 14    XL:     3   Next: 80%
Magic:  3/3        EV: 11    Int: 12    God:    Xom [*.....]
Gold:   19         SH:  0    Dex: 12    Spells: 2/2 levels left

rFire   . . .        a - +0 hand axe (chaos)
rCold   . . .        (no shield)
rNeg    . . .        b - +2 leather armour
rPois   .            l - +2 hat
rElec   .            (no cloak)
rCorr   .            (no gloves)
SInv    .            (no boots)
Will    .....        (no amulet) Stlth
                     (no ring)
HPRegen 0.27/turn    (no ring)
MPRegen 0.08/turn

%: no passive effects
@: berserking (expiring), lethally poisoned (-7 -> -11), hasted, very quick
A: hooves 1, ignite blood 1
a: Renounce Religion


You were on level 2 of the Dungeon.
You worshipped Xom.
You were a special plaything of Xom.
You visited 1 branch of the dungeon, and saw 2 of its levels.

You collected 19 gold pieces.

Inventory:

Hand Weapons
 a - a +0 hand axe of chaos (weapon)
Armour
 b - a +2 leather armour (worn)
 l - a +2 hat (worn)
Scrolls
 c - a scroll of butterflies
 d - a scroll of amnesia {unknown}
 i - a scroll of teleportation {unknown}
 j - a scroll of fear {unknown}
 m - a scroll of brand weapon {unknown}
Potions
 h - a potion of lignification {unknown}
 k - a potion of ambrosia {unknown}
 n - a potion of brilliance {unknown}


   Skills:
 + Level 3.6 Fighting
 + Level 3.5 Axes
 + Level 2.0 Armour
 + Level 1.5 Dodging


You had 2 spell levels left.
You didn't know any spells.
Your spell library was empty.

Dungeon Overview and Level Annotations

Branches:
Dungeon (2/15)

Altars:
Okawaru

Annotations:
D:2 Sigmund


Innate Abilities, Weirdness & Mutations

You have large cloven feet.
Your demonic aura sometimes causes spilled blood to erupt in flames.


Message History

* * * LOW HITPOINT WARNING * * *
You feel much better.
You feel sick.
You are no longer poisoned.
The kobold barely misses you.
It was a potion of haste.
You feel yourself speed up. Something hits you.
The kobold hits you with a +0 dagger. The kobold hits you but does no damage.
The kobold hits you but does no damage.
The kobold throws a poisoned dart.
The poisoned dart closely misses you.
You bump into the rock wall.
You feel less confused. Xom almost notices you.
Nothing appears to happen...
Ominous!
You are now a special plaything of Xom.
You hear some strange, mumbled words.
A puff of flame appears from out of thin air!
The puff of flame hits you!
* * * LOW HITPOINT WARNING * * *
The kobold hits you but does no damage.
The kobold throws a poisoned dart.
The poisoned dart hits you!
You are lethally poisoned!
It was a potion of berserk rage.
A red film seems to cover your vision as you go berserk!
You feel yourself moving faster!
You feel mighty!
* * * LOW HITPOINT WARNING * * *
You feel sick. Something hits you but does no damage.
You feel a strong urge to attack something.
* * * LOW HITPOINT WARNING * * *
You feel sick. The kobold attacks as it pursues you!
The kobold hits you but does no damage.
You closely miss the kobold.
* * * LOW HITPOINT WARNING * * *
You feel sick. The kobold hits you with a +0 dagger.
* * * LOW HITPOINT WARNING * * *
You slash the kobold!
You kill the kobold!
* * * LOW HITPOINT WARNING * * *
You feel sick.
A magic dart appears from out of thin air!
The magic dart hits you!
You die...

.#.##....<# ##.## #.....
##.#####..# #...# ##.#...
##.#####..#
#...#####......
..........#
##.#.......#.#..
....#####.##
####....#...#.....# .
#..####....#....#....#...
##............#...#.....#
#.####...#.#.......#.#..
#.# ##@......#.#.......
#.# ###)#...#.....#...#.
.#. #...K.#....#....#...
# # #..{#...#.....#...#.
#..#.......#.# ......
#.###..#.#... .#.#.. #.#
#......#. ....# ...
..#|#.... .#... ##
##.....#. ...#


You could see a kobold.

Vanquished Creatures
  2 adders (D:2)
  8 endoplasms
  A goblin (D:1)
  3 hobgoblins (D:1)
  4 jackals (D:1)
  2 kobolds (D:2)
  A quokka (D:1)
  4 ball pythons
  8 bats
  A frilled lizard (D:2)
  4 rats
38 creatures vanquished.

Notes
Turn   | Place    | Note
-------+----------+-------------------------------------------
     0 | D:1      | PidgeyThePirate the Demonspawn Chaos Knight began the quest
                  | for the Orb.
     0 | D:1      | Reached XP level 1. HP: 18/18 MP: 1/1
    42 | D:1      | Found a faded altar of an unknown god.
    82 | D:1      | Reached skill level 1 in Dodging
   131 | D:1      | Gained mutation: You have large cloven feet. [demonic
                  | ancestry]
   131 | D:1      | Reached XP level 2. HP: 14/24 MP: 2/2
   315 | D:1      | XOM: noise
   389 | D:1      | XOM: cloud trail
   467 | D:1      | Gained mutation: Your demonic aura sometimes causes spilled
                  | blood to erupt in flames. [demonic ancestry]
   467 | D:1      | Reached XP level 3. HP: 26/29 MP: 3/3
   551 | D:1      | XOM: silly message
   734 | D:2      | Found an iron altar of Okawaru.
   857 | D:2      | XOM: silly message
   956 | D:2      | Noticed Sigmund
   973 | D:2      | XOM: silly message
   976 | D:2      | HP: 2/43 [kobold/+0 dagger (1)]
   977 | D:2      | Killed from afar by Sigmund

Illustrated notes

Levels and vault maps discovered:
D:1:      dpeg_arrival_more_subterranean_lakeside_camping, layout_rooms,
          chequers_ecumenical_altar_simple_redux
D:2:      layout_loops_cross, basic_altar, grunt_ministairs_9, corexii_shack,
          nicolae_kite_square_tiling_tiny, uniq_sigmund

Skill      XL: |  1  2  3 |
---------------+----------+-----
Dodging        | 1 |  1.5
Axes           | 3 |  3.5
Armour         | 2 |  2.0
Fighting       | |  3.6

Action                     || total
---------------------------++-------
  Melee: Hand axe          ||    93
         Kick              ||    11
    Use: Potion            ||     4
 Armour: Leather armour    ||    93
  Dodge: Dodged            ||    96

Table legend: (Time is in decaauts)
 A = Elapsed time spent in this place.
 B = Non-inter-level travel time spent in this place.
 C = Inter-level travel time spent in this place.
 D = Time resting spent in this place.
 E = Time spent auto-exploring this place.
 F = Levels seen in this place.
 G = Mean time per level.
                   A        B        C        D        E       F      G
               +--------+--------+--------+--------+--------+-----+--------+
         Total |    988 |    980 |      8 |      0 |    666 |   2 |  494.0 |
       Dungeon |    988 |    980 |      8 |      0 |    666 |   2 |  494.0 |
               +--------+--------+--------+--------+--------+-----+--------+

Top non-repeatable levels by time:
     D:1: 570 daAuts
     D:2: 418 daAuts
